NCAA
SOUTH FLORIDA BULLS @ SOUTHERN CALIFORNIA TROJANS
05/31/2024
 
TOP OF THE 1ST
South Florida Bulls batting - Pitching for Southern California Trojans : LHP Burt Bryant
Pitching: LHP Burt Bryant
Batting: LHB Bob Bush 0-0: Ball
1-0: Ball
2-0: Ball
3-0: Base on Balls
Batting: RHB Leonardo Sinisterra 0-0: Ball
1-0: Ball
2-0: Ball
3-0: Called Strike
3-1: Base on Balls
Bob Bush to second
Batting: SHB Tex White 0-0: Ball
1-0: Ball
2-0: Ball
3-0: Called Strike
3-1: Base on Balls
Bob Bush to third
Leonardo Sinisterra to second
Batting: RHB Mark Parker 0-0: Ground out 5-3 (Groundball, 5S)
Bob Bush scores
Leonardo Sinisterra to third
Tex White to second
Batting: RHB Jon Krohne 0-0: Ball
1-0: Ball
2-0: Ball
3-0: Called Strike
3-1: SINGLE (Line Drive, 6MD)
Leonardo Sinisterra scores
Tex White to third
Runner from 3rd tries for Home, SAFE, throw made home
Jon Krohne to second
Batting: SHB Michael Field 0-0: Called Strike
0-1: Called Strike
0-2: Ball
1-2: Ground out 2-3 (Groundball, 25)
Jon Krohne to third
Batting: RHB Keith Stimson 0-0: Called Strike
0-1: Ball
1-1: SINGLE (Groundball, 6D) (infield hit)
Jon Krohne scores
Batting: LHB Weston Chaney 0-0: Ball
1-0: SINGLE (Flyball, 8LS)
Keith Stimson to second
Batting: LHB Bob Jacobs 0-0: Ball
1-0: SINGLE (Line Drive, 56D)
Keith Stimson to third
Weston Chaney to second
Batting: LHB Bob Bush 0-0: Called Strike
0-1: Ball
1-1: Ball
2-1: Fly out, F3 (Popup, 3S)
Top of the 1st over - 4 run(s), 4 hit(s), 0 error(s), 3 left on base; South Florida 4 - Southern California 0
BOTTOM OF THE 1ST
Southern California Trojans batting - Pitching for South Florida Bulls : RHP Dave O'Mooney
Pitching: RHP Dave O'Mooney
Batting: RHB Gabriel Erwin 0-0: TRIPLE (Flyball, 8LM)
Batting: RHB José Martínez 0-0: Ball
1-0: Foul Ball, location: 2F
1-1: Ball
2-1: SINGLE (Line Drive, 78S)
Gabriel Erwin scores
Batting: LHB Scot Chilson 0-0: Fly out, F6 (Popup, 8LS)
Batting: LHB Thomas Dixon 0-0: Ball
1-0: Swinging Strike
1-1: Ball
2-1: Foul Ball, location: 2F
2-2: Foul Ball, location: 2F
2-2: Foul Ball, location: 2F
2-2: Ball
3-2: Base on Balls
José Martínez to second
Batting: LHB Lee Foster 0-0: Foul Ball, location: 2F
0-1: Reached on error, E4 (Groundball, 4)
José Martínez to third
Thomas Dixon to second
Batting: LHB Mike Davis 0-0: Called Strike
0-1: Ball
1-1: Ball
2-1: DOUBLE (Line Drive, 9LS)
José Martínez scores
Thomas Dixon scores
Lee Foster to third
Batting: RHB Marvin Johnson 0-0: Foul Ball, location: 2F
0-1: Ball
1-1: Called Strike
1-2: Strikes out swinging
Batting: RHB Patrick Daniels 0-0: Foul Ball, location: 2F
0-1: Hit by Pitch
Batting: RHB Roy MacCluskie 0-0: Called Strike
0-1: Ball
1-1: Ball
Wild Pitch!
Lee Foster scores
Mike Davis to third
Patrick Daniels to second
2-1: Called Strike
2-2: Strikes out swinging
Bottom of the 1st over - 4 run(s), 3 hit(s), 1 error(s), 2 left on base; South Florida 4 - Southern California 4
TOP OF THE 2ND
South Florida Bulls batting - Pitching for Southern California Trojans : LHP Burt Bryant
Batting: RHB Leonardo Sinisterra 0-0: Foul Ball, location: 2F
0-1: Ball
1-1: SINGLE (Flyball, 78M)
Batting: SHB Tex White 0-0: Called Strike
0-1: Ball
1-1: Called Strike
1-2: Foul Ball, location: 2F
1-2: Foul Ball, location: 2F
1-2: SINGLE (Groundball, 6M)
Leonardo Sinisterra to second
Runner from 2nd tries for 3rd, SAFE, throw made to third
Batting: RHB Mark Parker 0-0: Called Strike
0-1: Ground out 5-3 (Groundball, 56S)
Leonardo Sinisterra scores
Tex White to second
Batting: RHB Jon Krohne 0-0: Ball
1-0: Ball
2-0: Called Strike
2-1: SINGLE (Line Drive, 6MD)
Tex White to third
Batting: SHB Michael Field 0-0: Ball
1-0: Called Strike
1-1: Ball
2-1: Fly out, F6 (Line Drive, 6D)
Batting: RHB Keith Stimson 0-0: Fly out, F8 (Flyball, 8LD)
Top of the 2nd over - 1 run(s), 3 hit(s), 0 error(s), 2 left on base; South Florida 5 - Southern California 4
BOTTOM OF THE 2ND
Southern California Trojans batting - Pitching for South Florida Bulls : RHP Dave O'Mooney
Batting: RHB Gabriel Erwin 0-0: Ball
1-0: Foul Ball, location: 2F
1-1: Foul Ball, location: 2F
1-2: Ball
2-2: Ball
3-2: SOLO HOME RUN (Flyball, 7D), Distance : 343 ft
Batting: RHB José Martínez 0-0: Ground out 5-3 (Groundball, 56)
Batting: LHB Scot Chilson 0-0: Ball
1-0: Foul Ball, location: 2F
1-1: Swinging Strike
1-2: Fly out, F8 (Flyball, 8LM)
Batting: LHB Thomas Dixon 0-0: Ball
1-0: Called Strike
1-1: Swinging Strike
1-2: Strikes out swinging
Bottom of the 2nd over - 1 run(s), 1 hit(s), 0 error(s), 0 left on base; South Florida 5 - Southern California 5
TOP OF THE 3RD
South Florida Bulls batting - Pitching for Southern California Trojans : LHP Burt Bryant
Batting: LHB Weston Chaney 0-0: Ground out 6-3 (Groundball, 6M)
Batting: LHB Bob Jacobs 0-0: Swinging Strike
0-1: Ground out 4-3 (Groundball, 4)
Batting: LHB Bob Bush 0-0: Ball
1-0: Ball
2-0: SINGLE (Groundball, 34D)
Batting: RHB Leonardo Sinisterra 0-0: Swinging Strike
0-1: Fly out, F2 (Popup, 3SF)
Top of the 3rd over - 0 run(s), 1 hit(s), 0 error(s), 1 left on base; South Florida 5 - Southern California 5
BOTTOM OF THE 3RD
Southern California Trojans batting - Pitching for South Florida Bulls : RHP Dave O'Mooney
Batting: LHB Lee Foster 0-0: Fly out, F5 (Popup, 6)
Batting: LHB Mike Davis 0-0: Ball
1-0: Foul Ball, location: 2F
1-1: Ball
2-1: Foul Ball, location: 2F
2-2: Ball
3-2: Base on Balls
Batting: RHB Marvin Johnson 0-0: Ball
1-0: Called Strike
1-1: Ball
2-1: SINGLE (Line Drive, 4MD)
Mike Davis to second
Batting: RHB Patrick Daniels 0-0: Called Strike
0-1: Ball
1-1: 3-RUN HOME RUN (Flyball, 78XD), Distance : 374 ft
Pitching: RHP Luis Chávez
Batting: RHB Roy MacCluskie 0-0: Foul Ball, location: 2F
0-1: SINGLE (Groundball, 4MD)
Batting: RHB Gabriel Erwin 0-0: Ball
1-0: Ball
2-0: Swinging Strike
2-1: Ball
3-1: Swinging Strike
3-2: SINGLE (Line Drive, 7S)
Roy MacCluskie to second
Batting: RHB José Martínez 0-0: Called Strike
0-1: Called Strike
0-2: Ball
1-2: Strikes out swinging
Batting: LHB Scot Chilson 0-0: Called Strike
0-1: Ball
1-1: Called Strike
1-2: Foul Ball, location: 2F
1-2: Fly out, F8 (Line Drive, 8LM)
Bottom of the 3rd over - 3 run(s), 4 hit(s), 0 error(s), 2 left on base; South Florida 5 - Southern California 8
TOP OF THE 4TH
South Florida Bulls batting - Pitching for Southern California Trojans : LHP Burt Bryant
Batting: SHB Tex White 0-0: Called Strike
0-1: DOUBLE (Line Drive, 8RXD)
Batting: RHB Mark Parker 0-0: Ball
1-0: Foul Ball, location: 2F
1-1: Foul Ball, location: 2F
1-2: Ball
2-2: Strikes out looking
Batting: RHB Jon Krohne 0-0: Foul Ball, location: 2F
0-1: 2-RUN HOME RUN (Line Drive, 7LD), Distance : 335 ft
Pitching: LHP Al McGuire
Batting: SHB Michael Field 0-0: Called Strike
0-1: Ball
1-1: Fly out, F7 (Flyball, 78S)
Batting: RHB Keith Stimson 0-0: Swinging Strike
0-1: Ball
1-1: Swinging Strike
1-2: Foul Ball, location: 2F
1-2: Strikes out looking
Top of the 4th over - 2 run(s), 2 hit(s), 0 error(s), 0 left on base; South Florida 7 - Southern California 8
BOTTOM OF THE 4TH
Southern California Trojans batting - Pitching for South Florida Bulls : RHP Luis Chávez
Batting: LHB Thomas Dixon 0-0: Ball
1-0: Ball
2-0: Swinging Strike
2-1: Ball
3-1: Called Strike
3-2: Foul Ball, location: 2F
3-2: Strikes out swinging
Batting: LHB Lee Foster 0-0: Ball
1-0: Ball
2-0: Foul Ball, location: 2F
2-1: Called Strike
2-2: Foul Ball, location: 2F
2-2: Ball
3-2: Foul Ball, location: 2F
3-2: Foul Ball, location: 2F
3-2: Base on Balls
Batting: LHB Mike Davis 0-0: 2-RUN HOME RUN (Flyball, 9LD), Distance : 322 ft
Batting: RHB Marvin Johnson 0-0: Ball
1-0: Called Strike
1-1: Ball
2-1: Called Strike
2-2: Ball
3-2: Fly out, F7 (Flyball, 7S)
Batting: RHB Patrick Daniels 0-0: Foul Ball, location: 2F
0-1: Ball
1-1: Ball
2-1: Foul Ball, location: 2F
2-2: Foul Ball, location: 2F
2-2: Foul Ball, location: 2F
2-2: Ball
3-2: Base on Balls
Batting: RHB Roy MacCluskie 0-0: Ball
1-0: Reached on error, E4 (Groundball, 34)
Patrick Daniels to second
Batting: RHB Gabriel Erwin 0-0: Ball
1-0: Ball
2-0: Ball
3-0: Called Strike
3-1: Foul Ball, location: 2F
3-2: Ground out 5-3 (Groundball, 15S)
Bottom of the 4th over - 2 run(s), 1 hit(s), 1 error(s), 2 left on base; South Florida 7 - Southern California 10
TOP OF THE 5TH
South Florida Bulls batting - Pitching for Southern California Trojans : LHP Al McGuire
Batting: LHB Weston Chaney 0-0: Called Strike
0-1: Ground out 4-3 (Groundball, 4)
Batting: LHB Bob Jacobs 0-0: Ball
1-0: Called Strike
1-1: Fly out, F6 (Popup, 6MD)
Batting: LHB Bob Bush 0-0: Foul Ball, location: 2F
0-1: Foul Ball, location: 2F
0-2: Ball
1-2: Ball
2-2: Foul Ball, location: 2F
2-2: Ball
3-2: Foul Ball, location: 2F
3-2: Strikes out swinging
Top of the 5th over - 0 run(s), 0 hit(s), 0 error(s), 0 left on base; South Florida 7 - Southern California 10
BOTTOM OF THE 5TH
Southern California Trojans batting - Pitching for South Florida Bulls : RHP Luis Chávez
Pitching: RHP Wade Stover
Batting: RHB José Martínez 0-0: Ball
1-0: Foul Ball, location: 2F
1-1: Ball
2-1: Ground out 5-3 (Groundball, 56S)
Batting: LHB Scot Chilson 0-0: Fly out, F4 (Popup, 4M)
Batting: LHB Thomas Dixon 0-0: Ball
1-0: Foul Ball, location: 2F
1-1: Foul Ball, location: 2F
1-2: Ball
2-2: Ball
3-2: Strikes out swinging
Bottom of the 5th over - 0 run(s), 0 hit(s), 0 error(s), 0 left on base; South Florida 7 - Southern California 10
TOP OF THE 6TH
South Florida Bulls batting - Pitching for Southern California Trojans : LHP Al McGuire
Batting: RHB Leonardo Sinisterra 0-0: Ball
1-0: Called Strike
1-1: Called Strike
1-2: Foul Ball, location: 2F
1-2: Ball
2-2: Ball
3-2: Ground out 6-3 (Groundball, 6)
Batting: SHB Tex White 0-0: Foul Ball, location: 2F
0-1: Ball
1-1: Ground out 6-3 (Groundball, 6M)
Batting: RHB Mark Parker 0-0: Swinging Strike
0-1: Called Strike
0-2: Strikes out swinging
Top of the 6th over - 0 run(s), 0 hit(s), 0 error(s), 0 left on base; South Florida 7 - Southern California 10
BOTTOM OF THE 6TH
Southern California Trojans batting - Pitching for South Florida Bulls : RHP Wade Stover
Batting: LHB Lee Foster 0-0: Ball
1-0: Fly out, F5 (Line Drive, 56S)
Batting: LHB Mike Davis 0-0: Ball
1-0: Ball
2-0: Ball
3-0: Called Strike
3-1: Base on Balls
Batting: RHB Marvin Johnson 0-0: Ball
1-0: Ball
2-0: Ball
3-0: Base on Balls
Mike Davis to second
Batting: RHB Patrick Daniels 0-0: Called Strike
0-1: Swinging Strike
0-2: Ball
1-2: Strikes out swinging
Batting: RHB Roy MacCluskie 0-0: Called Strike
0-1: Foul Ball, location: 2F
0-2: Ball
1-2: Ball
2-2: Foul Ball, location: 2F
Balk!
Mike Davis to third
Marvin Johnson to second
2-2: Ground out 5-3 (Groundball, 5)
Bottom of the 6th over - 0 run(s), 0 hit(s), 0 error(s), 2 left on base; South Florida 7 - Southern California 10
TOP OF THE 7TH
South Florida Bulls batting - Pitching for Southern California Trojans : LHP Al McGuire
Pitching: RHP J.J. George
Batting: RHB Jon Krohne 0-0: Ball
1-0: SINGLE (Line Drive, 7S)
Batting: SHB Michael Field 0-0: Ball
1-0: Called Strike
1-1: Grounds out, U3 (Groundball, 3L)
Batting: RHB Keith Stimson 0-0: Fly out, F9 (Line Drive, 9M)
Batting: LHB Weston Chaney 0-0: Called Strike
0-1: Fly out, F7 (Flyball, 78M)
Top of the 7th over - 0 run(s), 1 hit(s), 0 error(s), 1 left on base; South Florida 7 - Southern California 10
BOTTOM OF THE 7TH
Southern California Trojans batting - Pitching for South Florida Bulls : RHP Wade Stover
Pitching: RHP Howard Erickson
Batting: RHB Gabriel Erwin 0-0: Called Strike
0-1: Ball
1-1: Fly out, F7 (Line Drive, 78S)
Batting: RHB José Martínez 0-0: Called Strike
0-1: Fly out, F7 (Flyball, 7M)
Batting: LHB Scot Chilson 0-0: Ball
1-0: Called Strike
1-1: Ground out 4-3 (Groundball, 4M)
Bottom of the 7th over - 0 run(s), 0 hit(s), 0 error(s), 0 left on base; South Florida 7 - Southern California 10
TOP OF THE 8TH
South Florida Bulls batting - Pitching for Southern California Trojans : RHP J.J. George
Batting: LHB Bob Jacobs 0-0: Ball
1-0: Ball
2-0: Ball
3-0: Called Strike
3-1: Base on Balls
Pitching: LHP Mark De Jesús
Batting: LHB Bob Bush 0-0: Ball
1-0: Fly out, F9 (Flyball, 89M)
Pitching: RHP Pedro Torres
Batting: RHB Leonardo Sinisterra 0-0: Fielders Choice at 2nd, 1-6 (Groundball, 13S)
Pitching: LHP Darren Russell
Batting: SHB Tex White 0-0: Fly out, F7 (Line Drive, 78M)
Top of the 8th over - 0 run(s), 0 hit(s), 0 error(s), 1 left on base; South Florida 7 - Southern California 10
BOTTOM OF THE 8TH
Southern California Trojans batting - Pitching for South Florida Bulls : RHP Howard Erickson
Batting: LHB Thomas Dixon 0-0: Ball
1-0: SINGLE (Groundball, 4MD)
Batting: LHB Lee Foster 0-0: Fielders Choice at 2nd, U4 (Groundball, 4)
Batting: LHB Mike Davis 0-0: Called Strike
0-1: Ball
1-1: Ball
2-1: Ball
3-1: Called Strike
3-2: Strikes out swinging
Batting: RHB Marvin Johnson 0-0: Swinging Strike
0-1: Ball
1-1: Swinging Strike
1-2: Foul Ball, location: 2F
1-2: DOUBLE (Flyball, 7M)
Lee Foster to third
Runner from 3rd tries for Home, throw and OUT!
Bottom of the 8th over - 0 run(s), 2 hit(s), 0 error(s), 1 left on base; South Florida 7 - Southern California 10
TOP OF THE 9TH
South Florida Bulls batting - Pitching for Southern California Trojans : LHP Darren Russell
Pitching: LHP César Ruíz
Batting: RHB Mark Parker 0-0: Foul Ball, location: 2F
0-1: SOLO HOME RUN (Line Drive, 7D), Distance : 349 ft
Batting: RHB Jon Krohne 0-0: Ball
1-0: Ball
2-0: Ball
3-0: Base on Balls
Batting: SHB Michael Field 0-0: Ball
1-0: Foul Ball, location: 2F
1-1: Grounds into double play, 5-4-3 (Groundball, 56)
Batting: RHB Keith Stimson 0-0: Ball
1-0: Ball
2-0: Ball
3-0: Base on Balls
Pinch Hitting: RHB Millard Walker 0-0: Ball
1-0: Ball
2-0: Ground out 5-3 (Groundball, 5)
Top of the 9th over - 1 run(s), 1 hit(s), 0 error(s), 1 left on base; South Florida 8 - Southern California 10
This league is powered by Out of the Park Baseball, the baseball management simulation game for PC, Mac and Linux
Saturday, April 9th, 2016 - OOTP Baseball 16.8 Build 38